 Dungeon Crawl Stone Soup version 0.19.0-24-gb05acd6 (webtiles) character file.

38 equalderp2856 the Conjurer (level 3, -1/14 HPs)
             Began as a Felid Conjurer on Nov 23, 2016.
             Slain by a worker ant zombie (2 damage)
             ... on level 1 of the Dungeon.
             The game lasted 00:06:50 (5976 turns).

equalderp2856 the Conjurer (Felid Conjurer)         Turns: 5976, Time: 00:06:50

Health: -1/14      AC:  1    Str:  4    XL:     3   Next: 25%
Magic:  7/7        EV: 18    Int: 16    God:
Gold:   53         SH:  0    Dex: 17    Spells: 2 memorised, 2 levels left
                                        Lives:  0   Deaths: 0

rFire  . . .     SeeInvis +       - Unarmed
rCold  . . .     Gourm    .     (armour unavailable)
rNeg   . . .     Faith    .     (shield unavailable)
rPois  .         Spirit   .     (helmet unavailable)
rElec  .         Reflect  .     (cloak unavailable)
rCorr  .         Harm     .     (gloves unavailable)
MR     .....                    (boots unavailable)
Stlth  +++.......               (no amulet)
                                (no ring)
                                (no ring)

@: quick
A: no armour, no weapons or thrown items, stealth, claws 1, fangs 3, see
invisible, carnivore 3, speed 1, shaggy fur 1, slow metabolism 1, sharp paws
a: no special abilities


You were on level 1 of the Dungeon.
You were very hungry.

You visited 1 branch of the dungeon, and saw 1 of its levels.

You collected 53 gold pieces.

Inventory:

Jewellery
 k - an uncursed amulet of faith {unknown}
Scrolls
 c - a scroll of magic mapping {unknown}
 d - a scroll of identify {unknown}
 e - 3 scrolls of fear {unknown}
 g - a scroll of teleportation {unknown}
 h - 2 scrolls of remove curse {unknown}
 n - a scroll of recharging {unknown}
Potions
 f - a potion of resistance {unknown}
 i - a potion of cancellation {unknown}
 l - a potion of agility {unknown}
 m - a potion of curing {unknown}
Books
 a - a book of Conjurations

   Spells                             Type                      Level
   a - Magic Dart                     Conjuration                  1
   b - Searing Ray                    Conjuration                  2
   c - Dazzling Spray                 Conjuration/Hexes            3
   d - Fulminant Prism                Conjuration/Hexes            4
   e - Iskenderun's Mystic Blast      Conjuration                  4
   f - Iskenderun's Battlesphere      Conjuration/Charms           5
Comestibles
 b - a meat ration


   Skills:
 + Level 3.3 Dodging
 + Level 3.2 Stealth
 + Level 1.2 Unarmed Combat
 + Level 2.0 Spellcasting
 + Level 4.0 Conjurations


You had 2 spell levels left.
You knew the following spells:

 Your Spells              Type           Power        Failure   Level  Hunger
a - Magic Dart            Conj           ##..         4%          1    #......
b - Dazzling Spray        Conj/Hex       #.....       28%         3    ###....


Dungeon Overview and Level Annotations

Branches:
Dungeon (1/15)

Altars:


Innate Abilities, Weirdness & Mutations

You cannot wear armour.
You are incapable of wielding weapons or throwing items.
Your paws allow you to move quietly. (Stealth)
You have sharp claws.
You have razor-sharp teeth.
You have supernaturally acute eyesight. (SInv)
You are carnivorous and can eat meat at any time.
You cover ground quickly.
You are covered in fur. (AC +1)
You have a slow metabolism.
Your sharp claws are effective at attacking unaware monsters.


Message History

The worker ant zombie is heavily damaged.
The worker ant zombie bites you.
The worker ant zombie closely misses you.
The worker ant zombie misses you.
The worker ant zombie barely misses you.
The worker ant zombie bites you.
The worker ant zombie closely misses you.
The worker ant zombie completely misses you.
The worker ant zombie misses you. The worker ant zombie misses you.
The worker ant zombie bites you.
* * * LOW HITPOINT WARNING * * *
The worker ant zombie bites you.
* * * LOW HITPOINT WARNING * * *
The worker ant zombie closely misses you.
The worker ant zombie misses you. The worker ant zombie bites you.
* * * LOW HITPOINT WARNING * * *
The worker ant zombie bites you.
You die...

#....#.#....#.# #..####..
#....#.#....#.###..# #...
#....#.#....#......# #..≈
#....#.#...........# #..≈
#....#.##...#......# #..≈
#...........#......# #...
#...........#......####.(
#...........#.......# #..
#......Z@...#.......# ##.
#...........#####...## ##
#....###....# #....## #
#....# ###.### #.....###
########.....# #........
#.....#.....# #........
#.....#.....####........
#...........#.)..#######
####........#....# #####


You could see a worker ant zombie.

Vanquished Creatures
  3 dart slugs (D:1)
  2 leopard geckos (D:1)
  2 giant cockroaches (D:1)
  2 goblins (D:1)
  8 hobgoblins (D:1)
  4 bats (D:1)
  A frilled lizard (D:1)
  4 kobolds (D:1)
  3 rats (D:1)
29 creatures vanquished.

Notes
Turn   | Place    | Note
-------+----------+-------------------------------------------
     0 | D:1      | equalderp2856 the Felid Conjurer began the quest for the Orb.
     0 | D:1      | Reached XP level 1. HP: 7/7 MP: 4/4
   308 | D:1      | Reached XP level 2. HP: 5/11 MP: 6/6
   876 | D:1      | Reached skill level 4 in Conjurations
  1587 | D:1      | Reached skill level 1 in Unarmed Combat
  1587 | D:1      | Reached XP level 3. HP: 14/14 MP: 7/7
  1764 | D:1      | Learned a level 3 spell: Dazzling Spray
  5976 | D:1      | Slain by a worker ant zombie

Skill      XL: |  1  2 |
---------------+-------+-----
Dodging        | 3 |  3.3
Stealth        | 3 |  3.2
Conjurations   | 4 |  4.0
Unarmed Combat | 1 |  1.2
Spellcasting   | |  2.0

Action                   || total
-------------------------++-------
Melee: Unarmed           ||   124
       Bite              ||     8
 Cast: Magic Dart        ||     9
       Dazzling Spray    ||     3
 Stab: Sleeping          ||     3
  Eat: Chunk             ||     7
       Pizza             ||     1
Armor: Skin              ||    14
Dodge: Dodged            ||   143
